Map: Nightshade LE

Players

LiquidTaeJa (TaeJa) - Winner!

  • Race: Terran Terran
  • League: Grandmaster
  • Spawn Location: 5:00

TSGTYTY (TY)

  • Race: Terran Terran
  • League: Grandmaster
  • Spawn Location: 11:00

VOD

Have the link to the VOD?

Description

Time

  • Played on: Jan. 9, 2020, 5:43 a.m.
  • Length: 14:33
Show
View Real Time Build Order
Export as new Build Order

LiquidTaeJa Terran - Winner!

Build Orders:  

Get SALT Encoding   

  12  0:00  SCV  
  13  0:12  SCV  
  14  0:16  Supply Depot  
  14  0:24  SCV  
  15  0:29  Refinery  
  15  0:38  SCV  
  16  0:43  Barracks  
  16  0:50  SCV  
  16  0:55  Refinery  
  17  1:02  SCV  
  18  1:14  SCV  
  19  1:30  Orbital Command  
  19  1:32  Factory  
  19  1:34  Reaper  
  20  1:41  Supply Depot  
  20  1:56  SCV  
  21  2:07  Reaper  
  22  2:08  SCV  
  23  2:17  Hellion  
  23  2:20  SCV  
  26  2:27  Command Center  
  26  2:33  SCV  
  26  2:40  Hellion, Reaper  
  29  2:45  Supply Depot  
  29  2:47  SCV  
  30  2:56  Starport  
  30  3:00  SCV  
  31  3:07  Hellion  
  31  3:12  SCV  
  34  3:13  Barracks Reactor  
  34  3:24  SCV  
  35  3:29  Factory Tech Lab  
  35  3:32  Refinery  
  35  3:33  Starport Tech Lab  
  35  3:36  SCV  
  35  3:39  Orbital Command  
  32  3:51  SCV  
  32  3:52  Raven  
  35  3:57  Cyclone  
  36  4:03  SCV  
  36  4:04  Marine x2  
  36  4:05  SCV  
  40  4:16  SCV  
  40  4:17  SCV  
  40  4:22  Marine x2  
  43  4:28  SCV  
  43  4:29  SCV, Cyclone  
  48  4:32  Supply Depot  
  48  4:35  Raven  
  50  4:40  SCV  
  50  4:41  SCV  
  52  4:50  Command Center  
  52  4:53  SCV x2  
  52  4:56  Marine x2  
  52  4:58  Supply Depot  
  56  5:03  Siege Tank  
  56  5:05  SCV  
  56  5:06  SCV  
  61  5:17  SCV  
  61  5:19  SCV  
  63  5:21  Barracks  
  63  5:23  Barracks  
  63  5:25  Supply Depot, Starport Reactor  
  63  5:26  Marine, Stimpack  
  64  5:29  SCV  
  64  5:31  SCV  
  64  5:35  Siege Tank  
  69  5:41  SCV  
  70  5:46  SCV  
  70  5:47  Marine, Supply Depot, Refinery  
  72  5:53  SCV  
  71  5:58  SCV  
  73  6:04  Orbital Command  
  73  6:05  SCV  
  73  6:07  Siege Tank  
  73  6:10  Engineering Bay  
  76  6:12  Engineering Bay  
  76  6:13  Starport Reactor  
  76  6:16  Marine  
  76  6:17  Marine x4  
  76  6:18  SCV x2  
  80  6:30  SCV, Orbital Command  
  80  6:31  SCV  
  82  6:34  Marine x2  
  82  6:38  Terran Infantry Weapons Level 1, Terran Infantry Armor Level 1  
  82  6:39  Marine x3  
  87  6:40  Siege Tank  
  87  6:44  SCV x2  
  87  6:46  Supply Depot  
  92  6:47  Supply Depot  
  92  6:49  Supply Depot  
  92  6:52  Marine x2  
  88  6:57  Marine x3  
  88  6:59  SCV  
  92  7:02  SCV  
  92  7:04  Medivac  
  92  7:05  Combat Shield  
  92  7:06  Medivac  
  97  7:10  Marine x2  
  97  7:14  SCV x3  
  97  7:15  Marine x2  
  104  7:18  Marine  
  105  7:26  SCV  
  105  7:27  SCV x2  
  105  7:28  Marine x2  
  110  7:31  Barracks x2  
  110  7:32  Marine  
  110  7:33  Marine, Siege Tank  
  110  7:34  Medivac  
  110  7:36  Medivac  
  119  7:37  Marine  
  119  7:42  SCV x2  
  119  7:43  SCV  
  123  7:45  Refinery x2  
  123  7:47  Supply Depot  
  123  7:48  Sensor Tower  
  123  7:51  Marine x2  
  123  7:52  Supply Depot  
  123  7:57  Armory  
  125  7:58  SCV  
  125  8:08  Marine x3, SCV, Siege Tank  
  125  8:09  Marine  
  125  8:10  Marine  
  126  8:19  Marine x2  
  121  8:26  Marine  
  108  8:34  Marine x4  
  101  8:35  SCV x2  
  101  8:36  SCV  
  101  8:40  Barracks Reactor x2  
  101  8:41  Siege Tank  
  110  8:44  Marine  
  110  8:47  Command Center  
  110  8:48  SCV  
  112  8:51  Marine  
  112  8:52  Marine  
  112  8:53  Medivac  
  112  8:54  Marine x2, Medivac  
  121  9:08  Terran Infantry Weapons Level 2, Terran Infantry Armor Level 2  
  121  9:09  Marine x2, Factory  
  121  9:12  Marine x2  
  121  9:13  Barracks Reactor  
  121  9:14  Siege Tank  
  121  9:16  SCV x3  
  130  9:20  Marine x2  
  130  9:21  Marine x2  
  130  9:22  Supply Depot  
  134  9:27  Marine x2  
  134  9:29  Marine x2  
  136  9:32  Viking x2  
  136  9:38  Marine  
  141  9:43  Marine x3, Supply Depot  
  141  9:44  Supply Depot  
  141  9:45  Marine x2  
  145  9:47  Marine  
  145  9:51  Marine  
  145  9:52  Marine x2  
  149  9:59  Marine  
  149  10:01  Marine, SCV  
  149  10:02  SCV x2  
  149  10:05  Viking x2  
  157  10:11  Terran Vehicle Weapons Level 1  
  157  10:13  Starport  
  157  10:14  Starport  
  157  10:16  Marine x2  
  157  10:17  SCV x3  
  159  10:21  Sensor Tower  
  159  10:24  Siege Tank x2  
  163  10:35  Planetary Fortress  
  163  10:36  SCV x2  
  163  10:42  Viking x2  
  169  10:48  Marine x2  
  167  10:50  SCV  
  167  10:51  SCV  
  167  10:56  Siege Tank  
  167  10:57  Marine, Siege Tank  
  174  10:58  Marine  
  168  11:14  Marine, Liberator  
  169  11:24  Marine x5  
  171  11:26  Terran Infantry Armor Level 3, Terran Infantry Weapons Level 3  
  171  11:28  Siege Tank  
  173  11:35  Supply Depot  
  173  11:45  Liberator  
  173  11:46  Marine  
  164  11:48  Marine x2  
  164  11:51  Siege Tank  
  164  11:52  Marine x5  
  164  11:54  SCV x3, Refinery  
  166  12:01  Siege Tank  
  169  12:02  Starport Reactor x2  
  169  12:06  Marine  
  169  12:07  Marine  
  170  12:09  SCV x2  
  170  12:11  SCV  
  170  12:12  Refinery  
  170  12:13  Command Center  
  173  12:19  Marine x3  
  173  12:20  Marine x2  
  178  12:23  Siege Tank  
  178  12:25  Marine  
  178  12:29  Liberator  
  173  12:30  SCV x3, Fusion Core  
  173  12:33  Sensor Tower  
  176  12:38  Marine x2  
  178  12:47  Supply Depot  
  178  12:50  Marine x2  
  178  12:51  Supply Depot x2  
  183  12:56  Marine  
  183  12:57  Marine x4  
  188  13:04  Marine  
  188  13:09  Marine x3  
  190  13:21  Command Center  
  170  13:29  Marine x8  
  169  13:37  Viking x2  
  169  13:38  Viking x4  
  171  13:42  Marine  
  171  13:43  Marine  
  171  13:50  Marine x2  
  165  14:02  Marine x5  
  156  14:05  Marine x3  
  156  14:08  Marine x2  
Show
View Real Time Build Order
Export as new Build Order

TSGTYTY Terran 

Build Orders:  

Get SALT Encoding   

  12  0:00  SCV  
  13  0:12  SCV  
  14  0:17  Supply Depot  
  14  0:24  SCV  
  15  0:28  Refinery  
  15  0:38  SCV  
  16  0:43  Barracks  
  16  0:50  SCV  
  16  0:54  Refinery  
  17  1:02  SCV  
  18  1:14  SCV  
  19  1:31  Factory, Orbital Command  
  19  1:34  Reaper  
  20  1:41  Supply Depot  
  20  1:57  SCV  
  21  2:06  Reaper  
  22  2:09  SCV  
  22  2:15  Hellion  
  25  2:21  SCV  
  26  2:27  Command Center  
  25  2:37  Hellion  
  25  2:38  Reaper  
  25  2:40  SCV  
  28  2:47  Starport  
  28  2:52  SCV  
  28  2:54  Supply Depot  
  29  3:00  Factory Tech Lab  
  29  3:04  SCV  
  30  3:10  Barracks Reactor  
  30  3:16  SCV  
  30  3:19  Cyclone  
  34  3:28  SCV  
  34  3:30  Medivac  
  37  3:40  SCV, Orbital Command  
  35  3:49  Marine x2  
  35  3:52  SCV  
  39  4:04  SCV  
  39  4:07  Marine x2, SCV  
  40  4:15  Raven  
  40  4:17  SCV  
  43  4:18  Factory Tech Lab  
  43  4:19  SCV  
  44  4:24  Marine x2  
  44  4:29  SCV, Command Center  
  47  4:31  SCV  
  47  4:35  Supply Depot  
  48  4:39  Siege Tank  
  48  4:41  SCV  
  48  4:43  SCV  
  48  4:44  Marine  
  54  4:56  SCV x2  
  54  4:57  Refinery  
  55  5:07  Starport Reactor  
  55  5:08  Marine, SCV x2, Barracks x2, Stimpack  
  58  5:17  Engineering Bay  
  58  5:20  SCV, Engineering Bay  
  59  5:21  Refinery  
  59  5:23  SCV  
  60  5:31  Supply Depot  
  60  5:32  SCV, Supply Depot  
  60  5:34  Marine  
  62  5:40  Siege Tank  
  64  5:43  SCV  
  64  5:44  Orbital Command  
  65  5:50  SCV  
  65  5:51  Marine, Terran Infantry Weapons Level 1  
  65  5:52  Terran Infantry Armor Level 1  
  66  6:00  SCV  
  66  6:01  Marine  
  66  6:02  Marine x2, SCV  
  72  6:11  SCV  
  72  6:15  Marine  
  72  6:16  SCV  
  75  6:19  Marine x2  
  75  6:22  Orbital Command  
  75  6:23  SCV  
  74  6:27  Marine, Starport Reactor  
  74  6:28  Marine  
  74  6:29  SCV  
  74  6:32  Marine, Siege Tank  
  80  6:37  Marine x2  
  83  6:40  SCV  
  83  6:42  SCV, Supply Depot  
  83  6:45  Marine  
  86  6:47  Combat Shield, Marine  
  86  6:49  SCV  
  86  6:50  Marine  
  86  6:52  SCV  
  89  6:55  SCV, Marine x2  
  91  7:01  SCV, Armory  
  91  7:03  Marine  
  91  7:04  Medivac x2  
  91  7:05  SCV  
  91  7:07  SCV  
  99  7:10  Marine x2  
  101  7:17  Supply Depot  
  101  7:20  Supply Depot  
  101  7:23  Supply Depot  
  101  7:25  SCV, Barracks  
  101  7:26  SCV, Barracks  
  101  7:28  SCV  
  101  7:30  Siege Tank  
  101  7:35  Marine x2  
  101  7:39  Marine, SCV x2, Medivac x2  
  101  7:41  Missile Turret  
  101  7:43  SCV  
  109  7:44  Marine x2  
  112  7:51  SCV  
  112  7:52  Sensor Tower  
  112  7:53  Marine  
  112  7:56  SCV x2  
  112  7:57  Marine x2  
  117  7:59  Supply Depot, Terran Infantry Weapons Level 2  
  117  8:00  Terran Infantry Armor Level 2  
  117  8:02  Marine  
  117  8:03  SCV  
  119  8:08  SCV  
  119  8:12  Barracks Reactor  
  117  8:17  SCV  
  101  8:23  Marine x5  
  96  8:27  SCV x2  
  96  8:29  SCV  
  86  8:34  Marine  
  86  8:39  SCV x2  
  86  8:41  Marine x5, Viking x2  
  87  8:42  Siege Tank  
  87  8:45  SCV  
  95  8:51  SCV  
  95  8:52  Marine x3  
  99  8:56  SCV  
  99  8:57  SCV  
  99  8:59  Marine x4  
  106  9:07  Refinery  
  106  9:08  Refinery  
  106  9:09  Barracks Reactor  
  105  9:10  Marine x3  
  105  9:11  Liberator x2  
  105  9:16  Marine  
  105  9:17  Marine x3, Supply Depot  
  111  9:18  SCV x2  
  111  9:19  SCV  
  115  9:28  Marine x2  
  115  9:29  Siege Tank  
  115  9:30  SCV  
  128  9:32  SCV x2  
  128  9:34  Marine  
  128  9:36  Supply Depot  
  130  9:39  Marine x3  
  133  9:46  Marine x4, Barracks Reactor  
  133  9:52  Marine  
  138  9:57  Marine x2  
  138  9:59  SCV x2  
  141  10:02  Supply Depot x3  
  141  10:03  Marine  
  141  10:04  Marine x3  
  141  10:06  Siege Tank  
  148  10:09  Marine  
  148  10:13  Marine  
  149  10:23  Medivac x2  
  149  10:25  Supply Depot  
  152  10:33  Marine x2  
  154  10:38  Siege Tank  
  154  10:40  Marine x6  
  163  10:45  Marine x2  
  163  10:46  Terran Infantry Armor Level 3  
  165  10:51  Marine x2  
  165  10:53  SCV x2  
  165  10:54  SCV  
  165  10:55  Command Center  
  170  10:58  Marine  
  170  11:01  Viking x2  
  175  11:10  Marine, Siege Tank  
  175  11:11  Marine x4  
  181  11:14  Marine, SCV x2  
  181  11:21  Marine  
  174  11:25  Marine  
  166  11:32  Viking x2  
  166  11:34  Factory  
  166  11:35  Terran Infantry Weapons Level 3  
  168  11:42  Siege Tank  
  157  11:49  Marine  
  157  11:50  Marine x6  
  157  11:52  Marine  
  157  11:53  Marine x2  
  137  11:54  SCV x2  
  138  12:07  Marine x7  
  139  12:10  Marine, Viking  
  139  12:12  Viking  
  144  12:20  Marine x2  
  146  12:25  Marine  
  146  12:27  Siege Tank  
  146  12:28  Siege Tank  
  153  12:40  Viking  
  155  12:45  Sensor Tower  
  154  12:54  Marine x5, Command Center  
  154  12:56  Orbital Command  
  157  13:05  Viking  
  157  13:08  Armory, Siege Tank x2  
  144  13:30  Viking  
  134  13:37  Marine  
  134  13:38  Marine  
  134  13:40  Viking, Siege Tank  
  127  13:42  SCV x2  
  127  13:43  SCV  
  128  13:49  Marine  
  128  13:51  Marine  
  120  13:57  Marine x4  
  120  13:58  Marine x4  
  120  13:59  Siege Tank  
  123  14:06  Marine  
  123  14:09  Marine  
  118  14:14  SCV x3  
  118  14:15  Marine x6  
Tags
 
Add a new tag
Caveats
  • Supply blocks, unpowered buildings, or Contaminate may cause inaccurate times.
  • Supply counts are checked every 10 seconds.